Workbook

Sheet Panel
B2: Panel comparador de vuelos y hoteles
B3: Define el viaje, compara paquetes y quédate con el que mejor encaje
B5: Viajeros | C5: 2
B6: Noches de estancia | C6: 4
B7: Habitaciones | C7: 1
B8: Peso del precio en la puntuación | C8: 0.4 | D8: =" Peso de la valoración: "&TEXT(1-C8,"0%")
B10: PAQUETE MÁS BARATO | C10: PAQUETE MÁS CARO | D10: AHORRO ENTRE EL MÁS CARO Y EL MÁS BARATO
B11: =IFERROR(IF(COUNT(Paquetes!$H$7:$H$46)=0,0,MIN(Paquetes!$H$7:$H$46)),0) | C11: =IFERROR(IF(COUNT(Paquetes!$H$7:$H$46)=0,0,MAX(Paquetes!$H$7:$H$46)),0) | D11: =C11-B11
B13: PRECIO MEDIO POR PERSONA | C13: MEJOR PUNTUACIÓN (0-10) | D13: PAQUETES COMPARADOS
B14: =IFERROR(AVERAGE(Paquetes!$I$7:$I$46),0) | C14: =IFERROR(IF(COUNT(Paquetes!$K$7:$K$46)=0,0,MAX(Paquetes!$K$7:$K$46)),0) | D14: =COUNT(Paquetes!$H$7:$H$46)
B16: LOS 5 PAQUETES MÁS BARATOS
B17: Puesto | C17: Vuelo | D17: Alojamiento | E17: Total del paquete | F17: Por persona | G17: Puntuación
B18: 1 | C18: =IFERROR(INDEX(Paquetes!$B$7:$B$46,MATCH($B18,Paquetes!$L$7:$L$46,0)),"") | D18: =IFERROR(INDEX(Paquetes!$C$7:$C$46,MATCH($B18,Paquetes!$L$7:$L$46,0)),"") | E18: =IFERROR(INDEX(Paquetes!$H$7:$H$46,MATCH($B18,Paquetes!$L$7:$L$46,0)),"") | F18: =IFERROR(INDEX(Paquetes!$I$7:$I$46,MATCH($B18,Paquetes!$L$7:$L$46,0)),"") | G18: =IFERROR(INDEX(Paquetes!$K$7:$K$46,MATCH($B18,Paquetes!$L$7:$L$46,0)),"")
B19: 2 | C19: =IFERROR(INDEX(Paquetes!$B$7:$B$46,MATCH($B19,Paquetes!$L$7:$L$46,0)),"") | D19: =IFERROR(INDEX(Paquetes!$C$7:$C$46,MATCH($B19,Paquetes!$L$7:$L$46,0)),"") | E19: =IFERROR(INDEX(Paquetes!$H$7:$H$46,MATCH($B19,Paquetes!$L$7:$L$46,0)),"") | F19: =IFERROR(INDEX(Paquetes!$I$7:$I$46,MATCH($B19,Paquetes!$L$7:$L$46,0)),"") | G19: =IFERROR(INDEX(Paquetes!$K$7:$K$46,MATCH($B19,Paquetes!$L$7:$L$46,0)),"")
B20: 3 | C20: =IFERROR(INDEX(Paquetes!$B$7:$B$46,MATCH($B20,Paquetes!$L$7:$L$46,0)),"") | D20: =IFERROR(INDEX(Paquetes!$C$7:$C$46,MATCH($B20,Paquetes!$L$7:$L$46,0)),"") | E20: =IFERROR(INDEX(Paquetes!$H$7:$H$46,MATCH($B20,Paquetes!$L$7:$L$46,0)),"") | F20: =IFERROR(INDEX(Paquetes!$I$7:$I$46,MATCH($B20,Paquetes!$L$7:$L$46,0)),"") | G20: =IFERROR(INDEX(Paquetes!$K$7:$K$46,MATCH($B20,Paquetes!$L$7:$L$46,0)),"")
B21: 4 | C21: =IFERROR(INDEX(Paquetes!$B$7:$B$46,MATCH($B21,Paquetes!$L$7:$L$46,0)),"") | D21: =IFERROR(INDEX(Paquetes!$C$7:$C$46,MATCH($B21,Paquetes!$L$7:$L$46,0)),"") | E21: =IFERROR(INDEX(Paquetes!$H$7:$H$46,MATCH($B21,Paquetes!$L$7:$L$46,0)),"") | F21: =IFERROR(INDEX(Paquetes!$I$7:$I$46,MATCH($B21,Paquetes!$L$7:$L$46,0)),"") | G21: =IFERROR(INDEX(Paquetes!$K$7:$K$46,MATCH($B21,Paquetes!$L$7:$L$46,0)),"")
B22: 5 | C22: =IFERROR(INDEX(Paquetes!$B$7:$B$46,MATCH($B22,Paquetes!$L$7:$L$46,0)),"") | D22: =IFERROR(INDEX(Paquetes!$C$7:$C$46,MATCH($B22,Paquetes!$L$7:$L$46,0)),"") | E22: =IFERROR(INDEX(Paquetes!$H$7:$H$46,MATCH($B22,Paquetes!$L$7:$L$46,0)),"") | F22: =IFERROR(INDEX(Paquetes!$I$7:$I$46,MATCH($B22,Paquetes!$L$7:$L$46,0)),"") | G22: =IFERROR(INDEX(Paquetes!$K$7:$K$46,MATCH($B22,Paquetes!$L$7:$L$46,0)),"")
B25: LOS 5 MEJOR PUNTUADOS (PRECIO + VALORACIÓN)
B26: Puesto | C26: Vuelo | D26: Alojamiento | E26: Total del paquete | F26: Por persona | G26: Puntuación
B27: 1 | C27: =IFERROR(INDEX(Paquetes!$B$7:$B$46,MATCH($B27,Paquetes!$M$7:$M$46,0)),"") | D27: =IFERROR(INDEX(Paquetes!$C$7:$C$46,MATCH($B27,Paquetes!$M$7:$M$46,0)),"") | E27: =IFERROR(INDEX(Paquetes!$H$7:$H$46,MATCH($B27,Paquetes!$M$7:$M$46,0)),"") | F27: =IFERROR(INDEX(Paquetes!$I$7:$I$46,MATCH($B27,Paquetes!$M$7:$M$46,0)),"") | G27: =IFERROR(INDEX(Paquetes!$K$7:$K$46,MATCH($B27,Paquetes!$M$7:$M$46,0)),"")
B28: 2 | C28: =IFERROR(INDEX(Paquetes!$B$7:$B$46,MATCH($B28,Paquetes!$M$7:$M$46,0)),"") | D28: =IFERROR(INDEX(Paquetes!$C$7:$C$46,MATCH($B28,Paquetes!$M$7:$M$46,0)),"") | E28: =IFERROR(INDEX(Paquetes!$H$7:$H$46,MATCH($B28,Paquetes!$M$7:$M$46,0)),"") | F28: =IFERROR(INDEX(Paquetes!$I$7:$I$46,MATCH($B28,Paquetes!$M$7:$M$46,0)),"") | G28: =IFERROR(INDEX(Paquetes!$K$7:$K$46,MATCH($B28,Paquetes!$M$7:$M$46,0)),"")
B29: 3 | C29: =IFERROR(INDEX(Paquetes!$B$7:$B$46,MATCH($B29,Paquetes!$M$7:$M$46,0)),"") | D29: =IFERROR(INDEX(Paquetes!$C$7:$C$46,MATCH($B29,Paquetes!$M$7:$M$46,0)),"") | E29: =IFERROR(INDEX(Paquetes!$H$7:$H$46,MATCH($B29,Paquetes!$M$7:$M$46,0)),"") | F29: =IFERROR(INDEX(Paquetes!$I$7:$I$46,MATCH($B29,Paquetes!$M$7:$M$46,0)),"") | G29: =IFERROR(INDEX(Paquetes!$K$7:$K$46,MATCH($B29,Paquetes!$M$7:$M$46,0)),"")
B30: 4 | C30: =IFERROR(INDEX(Paquetes!$B$7:$B$46,MATCH($B30,Paquetes!$M$7:$M$46,0)),"") | D30: =IFERROR(INDEX(Paquetes!$C$7:$C$46,MATCH($B30,Paquetes!$M$7:$M$46,0)),"") | E30: =IFERROR(INDEX(Paquetes!$H$7:$H$46,MATCH($B30,Paquetes!$M$7:$M$46,0)),"") | F30: =IFERROR(INDEX(Paquetes!$I$7:$I$46,MATCH($B30,Paquetes!$M$7:$M$46,0)),"") | G30: =IFERROR(INDEX(Paquetes!$K$7:$K$46,MATCH($B30,Paquetes!$M$7:$M$46,0)),"")
B31: 5 | C31: =IFERROR(INDEX(Paquetes!$B$7:$B$46,MATCH($B31,Paquetes!$M$7:$M$46,0)),"") | D31: =IFERROR(INDEX(Paquetes!$C$7:$C$46,MATCH($B31,Paquetes!$M$7:$M$46,0)),"") | E31: =IFERROR(INDEX(Paquetes!$H$7:$H$46,MATCH($B31,Paquetes!$M$7:$M$46,0)),"") | F31: =IFERROR(INDEX(Paquetes!$I$7:$I$46,MATCH($B31,Paquetes!$M$7:$M$46,0)),"") | G31: =IFERROR(INDEX(Paquetes!$K$7:$K$46,MATCH($B31,Paquetes!$M$7:$M$46,0)),"")
B33: Puntuación = peso del precio × (paquete más barato ÷ este paquete × 10) + peso de la valoración × valoración del hotel.

Sheet Vuelos
B2: Opciones de vuelo
B3: Un nombre único por opción (aerolínea + hora). El coste real suma la maleta si no va incluida
B6: Opción de vuelo | C6: Precio por persona (ida y vuelta) | D6: Maleta de bodega incluida | E6: Suplemento maleta por persona | F6: Escalas | G6: Duración ida (h) | H6: Coste real por persona | I6: Coste del grupo | J6: Ranking precio
B7: SkyLow 06:45 | C7: 78 | D7: No | E7: 45 | F7: 0 | G7: 1.5 | H7: =IF(C7="","",C7+IF(D7="No",N(E7),0)) | I7: =IF(H7="","",H7*Panel!$C$5) | J7: =IF(H7="","",RANK(H7,$H$7:$H$46,1)+COUNTIF($H$7:H7,H7)-1)
B8: AeroSur 09:10 | C8: 142 | D8: Sí | E8: 0 | F8: 0 | G8: 1.5 | H8: =IF(C8="","",C8+IF(D8="No",N(E8),0)) | I8: =IF(H8="","",H8*Panel!$C$5) | J8: =IF(H8="","",RANK(H8,$H$7:$H$46,1)+COUNTIF($H$7:H8,H8)-1)
B9: Norte 12:30 | C9: 168 | D9: Sí | E9: 0 | F9: 0 | G9: 1.6 | H9: =IF(C9="","",C9+IF(D9="No",N(E9),0)) | I9: =IF(H9="","",H9*Panel!$C$5) | J9: =IF(H9="","",RANK(H9,$H$7:$H$46,1)+COUNTIF($H$7:H9,H9)-1)
B10: SkyLow 19:55 | C10: 64 | D10: No | E10: 45 | F10: 0 | G10: 1.5 | H10: =IF(C10="","",C10+IF(D10="No",N(E10),0)) | I10: =IF(H10="","",H10*Panel!$C$5) | J10: =IF(H10="","",RANK(H10,$H$7:$H$46,1)+COUNTIF($H$7:H10,H10)-1)
B11: EuroConecta 07:20 | C11: 119 | D11: Sí | E11: 0 | F11: 1 | G11: 4.5 | H11: =IF(C11="","",C11+IF(D11="No",N(E11),0)) | I11: =IF(H11="","",H11*Panel!$C$5) | J11: =IF(H11="","",RANK(H11,$H$7:$H$46,1)+COUNTIF($H$7:H11,H11)-1)
B12: EuroConecta 15:40 | C12: 104 | D12: Sí | E12: 0 | F12: 1 | G12: 5.2 | H12: =IF(C12="","",C12+IF(D12="No",N(E12),0)) | I12: =IF(H12="","",H12*Panel!$C$5) | J12: =IF(H12="","",RANK(H12,$H$7:$H$46,1)+COUNTIF($H$7:H12,H12)-1)
B13: AeroSur 21:05 | C13: 128 | D13: Sí | E13: 0 | F13: 0 | G13: 1.5 | H13: =IF(C13="","",C13+IF(D13="No",N(E13),0)) | I13: =IF(H13="","",H13*Panel!$C$5) | J13: =IF(H13="","",RANK(H13,$H$7:$H$46,1)+COUNTIF($H$7:H13,H13)-1)
B14: LowFly 11:00 | C14: 59 | D14: No | E14: 40 | F14: 1 | G14: 6.8 | H14: =IF(C14="","",C14+IF(D14="No",N(E14),0)) | I14: =IF(H14="","",H14*Panel!$C$5) | J14: =IF(H14="","",RANK(H14,$H$7:$H$46,1)+COUNTIF($H$7:H14,H14)-1)
B15: Norte 17:15 | C15: 189 | D15: Sí | E15: 0 | F15: 0 | G15: 1.6 | H15: =IF(C15="","",C15+IF(D15="No",N(E15),0)) | I15: =IF(H15="","",H15*Panel!$C$5) | J15: =IF(H15="","",RANK(H15,$H$7:$H$46,1)+COUNTIF($H$7:H15,H15)-1)
B16: LowFly 06:10 | C16: 71 | D16: No | E16: 40 | F16: 0 | G16: 1.5 | H16: =IF(C16="","",C16+IF(D16="No",N(E16),0)) | I16: =IF(H16="","",H16*Panel!$C$5) | J16: =IF(H16="","",RANK(H16,$H$7:$H$46,1)+COUNTIF($H$7:H16,H16)-1)
H17: =IF(C17="","",C17+IF(D17="No",N(E17),0)) | I17: =IF(H17="","",H17*Panel!$C$5) | J17: =IF(H17="","",RANK(H17,$H$7:$H$46,1)+COUNTIF($H$7:H17,H17)-1)
H18: =IF(C18="","",C18+IF(D18="No",N(E18),0)) | I18: =IF(H18="","",H18*Panel!$C$5) | J18: =IF(H18="","",RANK(H18,$H$7:$H$46,1)+COUNTIF($H$7:H18,H18)-1)
H19: =IF(C19="","",C19+IF(D19="No",N(E19),0)) | I19: =IF(H19="","",H19*Panel!$C$5) | J19: =IF(H19="","",RANK(H19,$H$7:$H$46,1)+COUNTIF($H$7:H19,H19)-1)
H20: =IF(C20="","",C20+IF(D20="No",N(E20),0)) | I20: =IF(H20="","",H20*Panel!$C$5) | J20: =IF(H20="","",RANK(H20,$H$7:$H$46,1)+COUNTIF($H$7:H20,H20)-1)
H21: =IF(C21="","",C21+IF(D21="No",N(E21),0)) | I21: =IF(H21="","",H21*Panel!$C$5) | J21: =IF(H21="","",RANK(H21,$H$7:$H$46,1)+COUNTIF($H$7:H21,H21)-1)
H22: =IF(C22="","",C22+IF(D22="No",N(E22),0)) | I22: =IF(H22="","",H22*Panel!$C$5) | J22: =IF(H22="","",RANK(H22,$H$7:$H$46,1)+COUNTIF($H$7:H22,H22)-1)
H23: =IF(C23="","",C23+IF(D23="No",N(E23),0)) | I23: =IF(H23="","",H23*Panel!$C$5) | J23: =IF(H23="","",RANK(H23,$H$7:$H$46,1)+COUNTIF($H$7:H23,H23)-1)
H24: =IF(C24="","",C24+IF(D24="No",N(E24),0)) | I24: =IF(H24="","",H24*Panel!$C$5) | J24: =IF(H24="","",RANK(H24,$H$7:$H$46,1)+COUNTIF($H$7:H24,H24)-1)
H25: =IF(C25="","",C25+IF(D25="No",N(E25),0)) | I25: =IF(H25="","",H25*Panel!$C$5) | J25: =IF(H25="","",RANK(H25,$H$7:$H$46,1)+COUNTIF($H$7:H25,H25)-1)
H26: =IF(C26="","",C26+IF(D26="No",N(E26),0)) | I26: =IF(H26="","",H26*Panel!$C$5) | J26: =IF(H26="","",RANK(H26,$H$7:$H$46,1)+COUNTIF($H$7:H26,H26)-1)
H27: =IF(C27="","",C27+IF(D27="No",N(E27),0)) | I27: =IF(H27="","",H27*Panel!$C$5) | J27: =IF(H27="","",RANK(H27,$H$7:$H$46,1)+COUNTIF($H$7:H27,H27)-1)
H28: =IF(C28="","",C28+IF(D28="No",N(E28),0)) | I28: =IF(H28="","",H28*Panel!$C$5) | J28: =IF(H28="","",RANK(H28,$H$7:$H$46,1)+COUNTIF($H$7:H28,H28)-1)
... H46: =IF(C46="","",C46+IF(D46="No",N(E46),0)) | I46: =IF(H46="","",H46*Panel!$C$5) | J46: =IF(H46="","",RANK(H46,$H$7:$H$46,1)+COUNTIF($H$7:H46,H46)-1)
B47: MEDIA | C47: =IFERROR(AVERAGE(C7:C46),0) | H47: =IFERROR(AVERAGE(H7:H46),0)
B48: En verde, el vuelo con menor coste real. En ámbar, los vuelos con escala.

Sheet Hoteles
B2: Opciones de alojamiento
B3: Noches y habitaciones se leen del Panel. El coste de la estancia incluye tasas y extras
B6: Alojamiento | C6: Precio por noche (habitación) | D6: Valoración (0-10) | E6: Distancia al centro (km) | F6: Desayuno incluido | G6: Tasas y extras (total) | H6: Zona | I6: Coste de la estancia | J6: Ranking precio | K6: Ranking valoración
B7: Hotel Alfama Boutique | C7: 118 | D7: 9.1 | E7: 0.4 | F7: Sí | G7: 12 | H7: Alfama | I7: =IF(C7="","",C7*Panel!$C$6*Panel!$C$7+N(G7)) | J7: =IF(I7="","",RANK(I7,$I$7:$I$46,1)+COUNTIF($I$7:I7,I7)-1) | K7: =IF(OR(I7="",D7=""),"",RANK(D7,$D$7:$D$46,0)+COUNTIF($D$7:D7,D7)-1)
B8: Hostal Baixa Centro | C8: 64 | D8: 8.6 | E8: 0.2 | F8: No | G8: 0 | H8: Baixa | I8: =IF(C8="","",C8*Panel!$C$6*Panel!$C$7+N(G8)) | J8: =IF(I8="","",RANK(I8,$I$7:$I$46,1)+COUNTIF($I$7:I8,I8)-1) | K8: =IF(OR(I8="",D8=""),"",RANK(D8,$D$7:$D$46,0)+COUNTIF($D$7:D8,D8)-1)
B9: Apartamentos Rio Azul | C9: 89 | D9: 8.4 | E9: 5.5 | F9: No | G9: 40 | H9: Belém | I9: =IF(C9="","",C9*Panel!$C$6*Panel!$C$7+N(G9)) | J9: =IF(I9="","",RANK(I9,$I$7:$I$46,1)+COUNTIF($I$7:I9,I9)-1) | K9: =IF(OR(I9="",D9=""),"",RANK(D9,$D$7:$D$46,0)+COUNTIF($D$7:D9,D9)-1)
B10: Hotel Gran Avenida | C10: 97 | D10: 8.2 | E10: 2.1 | F10: Sí | G10: 0 | H10: Avenidas Novas | I10: =IF(C10="","",C10*Panel!$C$6*Panel!$C$7+N(G10)) | J10: =IF(I10="","",RANK(I10,$I$7:$I$46,1)+COUNTIF($I$7:I10,I10)-1) | K10: =IF(OR(I10="",D10=""),"",RANK(D10,$D$7:$D$46,0)+COUNTIF($D$7:D10,D10)-1)
B11: Pensión Bairro Alto | C11: 52 | D11: 7.1 | E11: 0.8 | F11: No | G11: 0 | H11: Bairro Alto | I11: =IF(C11="","",C11*Panel!$C$6*Panel!$C$7+N(G11)) | J11: =IF(I11="","",RANK(I11,$I$7:$I$46,1)+COUNTIF($I$7:I11,I11)-1) | K11: =IF(OR(I11="",D11=""),"",RANK(D11,$D$7:$D$46,0)+COUNTIF($D$7:D11,D11)-1)
B12: Hotel Parque Eduardo | C12: 135 | D12: 8.9 | E12: 1.9 | F12: Sí | G12: 15 | H12: Marquês | I12: =IF(C12="","",C12*Panel!$C$6*Panel!$C$7+N(G12)) | J12: =IF(I12="","",RANK(I12,$I$7:$I$46,1)+COUNTIF($I$7:I12,I12)-1) | K12: =IF(OR(I12="",D12=""),"",RANK(D12,$D$7:$D$46,0)+COUNTIF($D$7:D12,D12)-1)
B13: Residencial Lisboa Sur | C13: 58 | D13: 7.5 | E13: 6.8 | F13: No | G13: 0 | H13: Almada | I13: =IF(C13="","",C13*Panel!$C$6*Panel!$C$7+N(G13)) | J13: =IF(I13="","",RANK(I13,$I$7:$I$46,1)+COUNTIF($I$7:I13,I13)-1) | K13: =IF(OR(I13="",D13=""),"",RANK(D13,$D$7:$D$46,0)+COUNTIF($D$7:D13,D13)-1)
B14: Apartamento Chiado Terraza | C14: 124 | D14: 9.3 | E14: 0.3 | F14: No | G14: 55 | H14: Chiado | I14: =IF(C14="","",C14*Panel!$C$6*Panel!$C$7+N(G14)) | J14: =IF(I14="","",RANK(I14,$I$7:$I$46,1)+COUNTIF($I$7:I14,I14)-1) | K14: =IF(OR(I14="",D14=""),"",RANK(D14,$D$7:$D$46,0)+COUNTIF($D$7:D14,D14)-1)
B15: Hotel Aeropuerto Plaza | C15: 71 | D15: 7.4 | E15: 7 | F15: Sí | G15: 0 | H15: Aeroporto | I15: =IF(C15="","",C15*Panel!$C$6*Panel!$C$7+N(G15)) | J15: =IF(I15="","",RANK(I15,$I$7:$I$46,1)+COUNTIF($I$7:I15,I15)-1) | K15: =IF(OR(I15="",D15=""),"",RANK(D15,$D$7:$D$46,0)+COUNTIF($D$7:D15,D15)-1)
B16: Hotel Oriente Moderno | C16: 105 | D16: 8.6 | E16: 6.2 | F16: Sí | G16: 10 | H16: Parque das Nações | I16: =IF(C16="","",C16*Panel!$C$6*Panel!$C$7+N(G16)) | J16: =IF(I16="","",RANK(I16,$I$7:$I$46,1)+COUNTIF($I$7:I16,I16)-1) | K16: =IF(OR(I16="",D16=""),"",RANK(D16,$D$7:$D$46,0)+COUNTIF($D$7:D16,D16)-1)
I17: =IF(C17="","",C17*Panel!$C$6*Panel!$C$7+N(G17)) | J17: =IF(I17="","",RANK(I17,$I$7:$I$46,1)+COUNTIF($I$7:I17,I17)-1) | K17: =IF(OR(I17="",D17=""),"",RANK(D17,$D$7:$D$46,0)+COUNTIF($D$7:D17,D17)-1)
I18: =IF(C18="","",C18*Panel!$C$6*Panel!$C$7+N(G18)) | J18: =IF(I18="","",RANK(I18,$I$7:$I$46,1)+COUNTIF($I$7:I18,I18)-1) | K18: =IF(OR(I18="",D18=""),"",RANK(D18,$D$7:$D$46,0)+COUNTIF($D$7:D18,D18)-1)
I19: =IF(C19="","",C19*Panel!$C$6*Panel!$C$7+N(G19)) | J19: =IF(I19="","",RANK(I19,$I$7:$I$46,1)+COUNTIF($I$7:I19,I19)-1) | K19: =IF(OR(I19="",D19=""),"",RANK(D19,$D$7:$D$46,0)+COUNTIF($D$7:D19,D19)-1)
I20: =IF(C20="","",C20*Panel!$C$6*Panel!$C$7+N(G20)) | J20: =IF(I20="","",RANK(I20,$I$7:$I$46,1)+COUNTIF($I$7:I20,I20)-1) | K20: =IF(OR(I20="",D20=""),"",RANK(D20,$D$7:$D$46,0)+COUNTIF($D$7:D20,D20)-1)
I21: =IF(C21="","",C21*Panel!$C$6*Panel!$C$7+N(G21)) | J21: =IF(I21="","",RANK(I21,$I$7:$I$46,1)+COUNTIF($I$7:I21,I21)-1) | K21: =IF(OR(I21="",D21=""),"",RANK(D21,$D$7:$D$46,0)+COUNTIF($D$7:D21,D21)-1)
I22: =IF(C22="","",C22*Panel!$C$6*Panel!$C$7+N(G22)) | J22: =IF(I22="","",RANK(I22,$I$7:$I$46,1)+COUNTIF($I$7:I22,I22)-1) | K22: =IF(OR(I22="",D22=""),"",RANK(D22,$D$7:$D$46,0)+COUNTIF($D$7:D22,D22)-1)
I23: =IF(C23="","",C23*Panel!$C$6*Panel!$C$7+N(G23)) | J23: =IF(I23="","",RANK(I23,$I$7:$I$46,1)+COUNTIF($I$7:I23,I23)-1) | K23: =IF(OR(I23="",D23=""),"",RANK(D23,$D$7:$D$46,0)+COUNTIF($D$7:D23,D23)-1)
I24: =IF(C24="","",C24*Panel!$C$6*Panel!$C$7+N(G24)) | J24: =IF(I24="","",RANK(I24,$I$7:$I$46,1)+COUNTIF($I$7:I24,I24)-1) | K24: =IF(OR(I24="",D24=""),"",RANK(D24,$D$7:$D$46,0)+COUNTIF($D$7:D24,D24)-1)
I25: =IF(C25="","",C25*Panel!$C$6*Panel!$C$7+N(G25)) | J25: =IF(I25="","",RANK(I25,$I$7:$I$46,1)+COUNTIF($I$7:I25,I25)-1) | K25: =IF(OR(I25="",D25=""),"",RANK(D25,$D$7:$D$46,0)+COUNTIF($D$7:D25,D25)-1)
I26: =IF(C26="","",C26*Panel!$C$6*Panel!$C$7+N(G26)) | J26: =IF(I26="","",RANK(I26,$I$7:$I$46,1)+COUNTIF($I$7:I26,I26)-1) | K26: =IF(OR(I26="",D26=""),"",RANK(D26,$D$7:$D$46,0)+COUNTIF($D$7:D26,D26)-1)
I27: =IF(C27="","",C27*Panel!$C$6*Panel!$C$7+N(G27)) | J27: =IF(I27="","",RANK(I27,$I$7:$I$46,1)+COUNTIF($I$7:I27,I27)-1) | K27: =IF(OR(I27="",D27=""),"",RANK(D27,$D$7:$D$46,0)+COUNTIF($D$7:D27,D27)-1)
I28: =IF(C28="","",C28*Panel!$C$6*Panel!$C$7+N(G28)) | J28: =IF(I28="","",RANK(I28,$I$7:$I$46,1)+COUNTIF($I$7:I28,I28)-1) | K28: =IF(OR(I28="",D28=""),"",RANK(D28,$D$7:$D$46,0)+COUNTIF($D$7:D28,D28)-1)
... I46: =IF(C46="","",C46*Panel!$C$6*Panel!$C$7+N(G46)) | J46: =IF(I46="","",RANK(I46,$I$7:$I$46,1)+COUNTIF($I$7:I46,I46)-1) | K46: =IF(OR(I46="",D46=""),"",RANK(D46,$D$7:$D$46,0)+COUNTIF($D$7:D46,D46)-1)
B47: MEDIA | C47: =IFERROR(AVERAGE(C7:C46),0) | D47: =IFERROR(AVERAGE(D7:D46),0) | I47: =IFERROR(AVERAGE(I7:I46),0)
B48: Valoración: verde si es 9 o más, rojo si baja de 7,5. Distancia en ámbar si supera 5 km.

Sheet Paquetes
B2: Paquetes: combina un vuelo con un alojamiento
B3: Elige vuelo y hotel en los desplegables; el coste total y la puntuación salen solos
B6: Vuelo | C6: Alojamiento | D6: Otros gastos por persona | E6: Coste vuelos (grupo) | F6: Coste alojamiento | G6: Otros gastos (grupo) | H6: TOTAL DEL PAQUETE | I6: Por persona | J6: Valoración hotel | K6: Puntuación (0-10) | L6: Ranking precio | M6: Ranking puntuación | N6: Etiqueta
B7: SkyLow 06:45 | C7: Hostal Baixa Centro | D7: 25 | E7: =IF(OR(B7="",C7=""),"",IFERROR(INDEX(Vuelos!$I$7:$I$46,MATCH(B7,Vuelos!$B$7:$B$46,0)),"")) | F7: =IF(OR(B7="",C7=""),"",IFERROR(INDEX(Hoteles!$I$7:$I$46,MATCH(C7,Hoteles!$B$7:$B$46,0)),"")) | G7: =IF(OR(B7="",C7=""),"",N(D7)*Panel!$C$5) | H7: =IF(OR(E7="",F7=""),"",E7+F7+G7) | I7: =IF(H7="","",IF(Panel!$C$5>0,H7/Panel!$C$5,H7)) | J7: =IF(H7="","",IFERROR(INDEX(Hoteles!$D$7:$D$46,MATCH(C7,Hoteles!$B$7:$B$46,0)),"")) | K7: =IF(OR(H7="",J7=""),"",ROUND(Panel!$C$8*MIN($H$7:$H$46)/H7*10+(1-Panel!$C$8)*J7,2)) | L7: =IF(H7="","",RANK(H7,$H$7:$H$46,1)+COUNTIF($H$7:H7,H7)-1) | M7: =IF(K7="","",RANK(K7,$K$7:$K$46,0)+COUNTIF($K$7:K7,K7)-1) | N7: =IF(H7="","",IF(AND(L7=1,M7=1),"Barato y mejor",IF(L7=1,"Más barato",IF(M7=1,"Mejor equilibrio",""))))
B8: SkyLow 19:55 | C8: Pensión Bairro Alto | D8: 25 | E8: =IF(OR(B8="",C8=""),"",IFERROR(INDEX(Vuelos!$I$7:$I$46,MATCH(B8,Vuelos!$B$7:$B$46,0)),"")) | F8: =IF(OR(B8="",C8=""),"",IFERROR(INDEX(Hoteles!$I$7:$I$46,MATCH(C8,Hoteles!$B$7:$B$46,0)),"")) | G8: =IF(OR(B8="",C8=""),"",N(D8)*Panel!$C$5) | H8: =IF(OR(E8="",F8=""),"",E8+F8+G8) | I8: =IF(H8="","",IF(Panel!$C$5>0,H8/Panel!$C$5,H8)) | J8: =IF(H8="","",IFERROR(INDEX(Hoteles!$D$7:$D$46,MATCH(C8,Hoteles!$B$7:$B$46,0)),"")) | K8: =IF(OR(H8="",J8=""),"",ROUND(Panel!$C$8*MIN($H$7:$H$46)/H8*10+(1-Panel!$C$8)*J8,2)) | L8: =IF(H8="","",RANK(H8,$H$7:$H$46,1)+COUNTIF($H$7:H8,H8)-1) | M8: =IF(K8="","",RANK(K8,$K$7:$K$46,0)+COUNTIF($K$7:K8,K8)-1) | N8: =IF(H8="","",IF(AND(L8=1,M8=1),"Barato y mejor",IF(L8=1,"Más barato",IF(M8=1,"Mejor equilibrio",""))))
B9: AeroSur 09:10 | C9: Hotel Alfama Boutique | D9: 30 | E9: =IF(OR(B9="",C9=""),"",IFERROR(INDEX(Vuelos!$I$7:$I$46,MATCH(B9,Vuelos!$B$7:$B$46,0)),"")) | F9: =IF(OR(B9="",C9=""),"",IFERROR(INDEX(Hoteles!$I$7:$I$46,MATCH(C9,Hoteles!$B$7:$B$46,0)),"")) | G9: =IF(OR(B9="",C9=""),"",N(D9)*Panel!$C$5) | H9: =IF(OR(E9="",F9=""),"",E9+F9+G9) | I9: =IF(H9="","",IF(Panel!$C$5>0,H9/Panel!$C$5,H9)) | J9: =IF(H9="","",IFERROR(INDEX(Hoteles!$D$7:$D$46,MATCH(C9,Hoteles!$B$7:$B$46,0)),"")) | K9: =IF(OR(H9="",J9=""),"",ROUND(Panel!$C$8*MIN($H$7:$H$46)/H9*10+(1-Panel!$C$8)*J9,2)) | L9: =IF(H9="","",RANK(H9,$H$7:$H$46,1)+COUNTIF($H$7:H9,H9)-1) | M9: =IF(K9="","",RANK(K9,$K$7:$K$46,0)+COUNTIF($K$7:K9,K9)-1) | N9: =IF(H9="","",IF(AND(L9=1,M9=1),"Barato y mejor",IF(L9=1,"Más barato",IF(M9=1,"Mejor equilibrio",""))))
B10: AeroSur 21:05 | C10: Apartamento Chiado Terraza | D10: 30 | E10: =IF(OR(B10="",C10=""),"",IFERROR(INDEX(Vuelos!$I$7:$I$46,MATCH(B10,Vuelos!$B$7:$B$46,0)),"")) | F10: =IF(OR(B10="",C10=""),"",IFERROR(INDEX(Hoteles!$I$7:$I$46,MATCH(C10,Hoteles!$B$7:$B$46,0)),"")) | G10: =IF(OR(B10="",C10=""),"",N(D10)*Panel!$C$5) | H10: =IF(OR(E10="",F10=""),"",E10+F10+G10) | I10: =IF(H10="","",IF(Panel!$C$5>0,H10/Panel!$C$5,H10)) | J10: =IF(H10="","",IFERROR(INDEX(Hoteles!$D$7:$D$46,MATCH(C10,Hoteles!$B$7:$B$46,0)),"")) | K10: =IF(OR(H10="",J10=""),"",ROUND(Panel!$C$8*MIN($H$7:$H$46)/H10*10+(1-Panel!$C$8)*J10,2)) | L10: =IF(H10="","",RANK(H10,$H$7:$H$46,1)+COUNTIF($H$7:H10,H10)-1) | M10: =IF(K10="","",RANK(K10,$K$7:$K$46,0)+COUNTIF($K$7:K10,K10)-1) | N10: =IF(H10="","",IF(AND(L10=1,M10=1),"Barato y mejor",IF(L10=1,"Más barato",IF(M10=1,"Mejor equilibrio",""))))
B11: Norte 12:30 | C11: Hotel Parque Eduardo | D11: 35 | E11: =IF(OR(B11="",C11=""),"",IFERROR(INDEX(Vuelos!$I$7:$I$46,MATCH(B11,Vuelos!$B$7:$B$46,0)),"")) | F11: =IF(OR(B11="",C11=""),"",IFERROR(INDEX(Hoteles!$I$7:$I$46,MATCH(C11,Hoteles!$B$7:$B$46,0)),"")) | G11: =IF(OR(B11="",C11=""),"",N(D11)*Panel!$C$5) | H11: =IF(OR(E11="",F11=""),"",E11+F11+G11) | I11: =IF(H11="","",IF(Panel!$C$5>0,H11/Panel!$C$5,H11)) | J11: =IF(H11="","",IFERROR(INDEX(Hoteles!$D$7:$D$46,MATCH(C11,Hoteles!$B$7:$B$46,0)),"")) | K11: =IF(OR(H11="",J11=""),"",ROUND(Panel!$C$8*MIN($H$7:$H$46)/H11*10+(1-Panel!$C$8)*J11,2)) | L11: =IF(H11="","",RANK(H11,$H$7:$H$46,1)+COUNTIF($H$7:H11,H11)-1) | M11: =IF(K11="","",RANK(K11,$K$7:$K$46,0)+COUNTIF($K$7:K11,K11)-1) | N11: =IF(H11="","",IF(AND(L11=1,M11=1),"Barato y mejor",IF(L11=1,"Más barato",IF(M11=1,"Mejor equilibrio",""))))
B12: EuroConecta 07:20 | C12: Hotel Gran Avenida | D12: 25 | E12: =IF(OR(B12="",C12=""),"",IFERROR(INDEX(Vuelos!$I$7:$I$46,MATCH(B12,Vuelos!$B$7:$B$46,0)),"")) | F12: =IF(OR(B12="",C12=""),"",IFERROR(INDEX(Hoteles!$I$7:$I$46,MATCH(C12,Hoteles!$B$7:$B$46,0)),"")) | G12: =IF(OR(B12="",C12=""),"",N(D12)*Panel!$C$5) | H12: =IF(OR(E12="",F12=""),"",E12+F12+G12) | I12: =IF(H12="","",IF(Panel!$C$5>0,H12/Panel!$C$5,H12)) | J12: =IF(H12="","",IFERROR(INDEX(Hoteles!$D$7:$D$46,MATCH(C12,Hoteles!$B$7:$B$46,0)),"")) | K12: =IF(OR(H12="",J12=""),"",ROUND(Panel!$C$8*MIN($H$7:$H$46)/H12*10+(1-Panel!$C$8)*J12,2)) | L12: =IF(H12="","",RANK(H12,$H$7:$H$46,1)+COUNTIF($H$7:H12,H12)-1) | M12: =IF(K12="","",RANK(K12,$K$7:$K$46,0)+COUNTIF($K$7:K12,K12)-1) | N12: =IF(H12="","",IF(AND(L12=1,M12=1),"Barato y mejor",IF(L12=1,"Más barato",IF(M12=1,"Mejor equilibrio",""))))
B13: LowFly 06:10 | C13: Residencial Lisboa Sur | D13: 40 | E13: =IF(OR(B13="",C13=""),"",IFERROR(INDEX(Vuelos!$I$7:$I$46,MATCH(B13,Vuelos!$B$7:$B$46,0)),"")) | F13: =IF(OR(B13="",C13=""),"",IFERROR(INDEX(Hoteles!$I$7:$I$46,MATCH(C13,Hoteles!$B$7:$B$46,0)),"")) | G13: =IF(OR(B13="",C13=""),"",N(D13)*Panel!$C$5) | H13: =IF(OR(E13="",F13=""),"",E13+F13+G13) | I13: =IF(H13="","",IF(Panel!$C$5>0,H13/Panel!$C$5,H13)) | J13: =IF(H13="","",IFERROR(INDEX(Hoteles!$D$7:$D$46,MATCH(C13,Hoteles!$B$7:$B$46,0)),"")) | K13: =IF(OR(H13="",J13=""),"",ROUND(Panel!$C$8*MIN($H$7:$H$46)/H13*10+(1-Panel!$C$8)*J13,2)) | L13: =IF(H13="","",RANK(H13,$H$7:$H$46,1)+COUNTIF($H$7:H13,H13)-1) | M13: =IF(K13="","",RANK(K13,$K$7:$K$46,0)+COUNTIF($K$7:K13,K13)-1) | N13: =IF(H13="","",IF(AND(L13=1,M13=1),"Barato y mejor",IF(L13=1,"Más barato",IF(M13=1,"Mejor equilibrio",""))))
B14: SkyLow 06:45 | C14: Hotel Oriente Moderno | D14: 25 | E14: =IF(OR(B14="",C14=""),"",IFERROR(INDEX(Vuelos!$I$7:$I$46,MATCH(B14,Vuelos!$B$7:$B$46,0)),"")) | F14: =IF(OR(B14="",C14=""),"",IFERROR(INDEX(Hoteles!$I$7:$I$46,MATCH(C14,Hoteles!$B$7:$B$46,0)),"")) | G14: =IF(OR(B14="",C14=""),"",N(D14)*Panel!$C$5) | H14: =IF(OR(E14="",F14=""),"",E14+F14+G14) | I14: =IF(H14="","",IF(Panel!$C$5>0,H14/Panel!$C$5,H14)) | J14: =IF(H14="","",IFERROR(INDEX(Hoteles!$D$7:$D$46,MATCH(C14,Hoteles!$B$7:$B$46,0)),"")) | K14: =IF(OR(H14="",J14=""),"",ROUND(Panel!$C$8*MIN($H$7:$H$46)/H14*10+(1-Panel!$C$8)*J14,2)) | L14: =IF(H14="","",RANK(H14,$H$7:$H$46,1)+COUNTIF($H$7:H14,H14)-1) | M14: =IF(K14="","",RANK(K14,$K$7:$K$46,0)+COUNTIF($K$7:K14,K14)-1) | N14: =IF(H14="","",IF(AND(L14=1,M14=1),"Barato y mejor",IF(L14=1,"Más barato",IF(M14=1,"Mejor equilibrio",""))))
B15: AeroSur 09:10 | C15: Hotel Aeropuerto Plaza | D15: 20 | E15: =IF(OR(B15="",C15=""),"",IFERROR(INDEX(Vuelos!$I$7:$I$46,MATCH(B15,Vuelos!$B$7:$B$46,0)),"")) | F15: =IF(OR(B15="",C15=""),"",IFERROR(INDEX(Hoteles!$I$7:$I$46,MATCH(C15,Hoteles!$B$7:$B$46,0)),"")) | G15: =IF(OR(B15="",C15=""),"",N(D15)*Panel!$C$5) | H15: =IF(OR(E15="",F15=""),"",E15+F15+G15) | I15: =IF(H15="","",IF(Panel!$C$5>0,H15/Panel!$C$5,H15)) | J15: =IF(H15="","",IFERROR(INDEX(Hoteles!$D$7:$D$46,MATCH(C15,Hoteles!$B$7:$B$46,0)),"")) | K15: =IF(OR(H15="",J15=""),"",ROUND(Panel!$C$8*MIN($H$7:$H$46)/H15*10+(1-Panel!$C$8)*J15,2)) | L15: =IF(H15="","",RANK(H15,$H$7:$H$46,1)+COUNTIF($H$7:H15,H15)-1) | M15: =IF(K15="","",RANK(K15,$K$7:$K$46,0)+COUNTIF($K$7:K15,K15)-1) | N15: =IF(H15="","",IF(AND(L15=1,M15=1),"Barato y mejor",IF(L15=1,"Más barato",IF(M15=1,"Mejor equilibrio",""))))
B16: Norte 17:15 | C16: Apartamentos Rio Azul | D16: 35 | E16: =IF(OR(B16="",C16=""),"",IFERROR(INDEX(Vuelos!$I$7:$I$46,MATCH(B16,Vuelos!$B$7:$B$46,0)),"")) | F16: =IF(OR(B16="",C16=""),"",IFERROR(INDEX(Hoteles!$I$7:$I$46,MATCH(C16,Hoteles!$B$7:$B$46,0)),"")) | G16: =IF(OR(B16="",C16=""),"",N(D16)*Panel!$C$5) | H16: =IF(OR(E16="",F16=""),"",E16+F16+G16) | I16: =IF(H16="","",IF(Panel!$C$5>0,H16/Panel!$C$5,H16)) | J16: =IF(H16="","",IFERROR(INDEX(Hoteles!$D$7:$D$46,MATCH(C16,Hoteles!$B$7:$B$46,0)),"")) | K16: =IF(OR(H16="",J16=""),"",ROUND(Panel!$C$8*MIN($H$7:$H$46)/H16*10+(1-Panel!$C$8)*J16,2)) | L16: =IF(H16="","",RANK(H16,$H$7:$H$46,1)+COUNTIF($H$7:H16,H16)-1) | M16: =IF(K16="","",RANK(K16,$K$7:$K$46,0)+COUNTIF($K$7:K16,K16)-1) | N16: =IF(H16="","",IF(AND(L16=1,M16=1),"Barato y mejor",IF(L16=1,"Más barato",IF(M16=1,"Mejor equilibrio",""))))
E17: =IF(OR(B17="",C17=""),"",IFERROR(INDEX(Vuelos!$I$7:$I$46,MATCH(B17,Vuelos!$B$7:$B$46,0)),"")) | F17: =IF(OR(B17="",C17=""),"",IFERROR(INDEX(Hoteles!$I$7:$I$46,MATCH(C17,Hoteles!$B$7:$B$46,0)),"")) | G17: =IF(OR(B17="",C17=""),"",N(D17)*Panel!$C$5) | H17: =IF(OR(E17="",F17=""),"",E17+F17+G17) | I17: =IF(H17="","",IF(Panel!$C$5>0,H17/Panel!$C$5,H17)) | J17: =IF(H17="","",IFERROR(INDEX(Hoteles!$D$7:$D$46,MATCH(C17,Hoteles!$B$7:$B$46,0)),"")) | K17: =IF(OR(H17="",J17=""),"",ROUND(Panel!$C$8*MIN($H$7:$H$46)/H17*10+(1-Panel!$C$8)*J17,2)) | L17: =IF(H17="","",RANK(H17,$H$7:$H$46,1)+COUNTIF($H$7:H17,H17)-1) | M17: =IF(K17="","",RANK(K17,$K$7:$K$46,0)+COUNTIF($K$7:K17,K17)-1) | N17: =IF(H17="","",IF(AND(L17=1,M17=1),"Barato y mejor",IF(L17=1,"Más barato",IF(M17=1,"Mejor equilibrio",""))))
E18: =IF(OR(B18="",C18=""),"",IFERROR(INDEX(Vuelos!$I$7:$I$46,MATCH(B18,Vuelos!$B$7:$B$46,0)),"")) | F18: =IF(OR(B18="",C18=""),"",IFERROR(INDEX(Hoteles!$I$7:$I$46,MATCH(C18,Hoteles!$B$7:$B$46,0)),"")) | G18: =IF(OR(B18="",C18=""),"",N(D18)*Panel!$C$5) | H18: =IF(OR(E18="",F18=""),"",E18+F18+G18) | I18: =IF(H18="","",IF(Panel!$C$5>0,H18/Panel!$C$5,H18)) | J18: =IF(H18="","",IFERROR(INDEX(Hoteles!$D$7:$D$46,MATCH(C18,Hoteles!$B$7:$B$46,0)),"")) | K18: =IF(OR(H18="",J18=""),"",ROUND(Panel!$C$8*MIN($H$7:$H$46)/H18*10+(1-Panel!$C$8)*J18,2)) | L18: =IF(H18="","",RANK(H18,$H$7:$H$46,1)+COUNTIF($H$7:H18,H18)-1) | M18: =IF(K18="","",RANK(K18,$K$7:$K$46,0)+COUNTIF($K$7:K18,K18)-1) | N18: =IF(H18="","",IF(AND(L18=1,M18=1),"Barato y mejor",IF(L18=1,"Más barato",IF(M18=1,"Mejor equilibrio",""))))
E19: =IF(OR(B19="",C19=""),"",IFERROR(INDEX(Vuelos!$I$7:$I$46,MATCH(B19,Vuelos!$B$7:$B$46,0)),"")) | F19: =IF(OR(B19="",C19=""),"",IFERROR(INDEX(Hoteles!$I$7:$I$46,MATCH(C19,Hoteles!$B$7:$B$46,0)),"")) | G19: =IF(OR(B19="",C19=""),"",N(D19)*Panel!$C$5) | H19: =IF(OR(E19="",F19=""),"",E19+F19+G19) | I19: =IF(H19="","",IF(Panel!$C$5>0,H19/Panel!$C$5,H19)) | J19: =IF(H19="","",IFERROR(INDEX(Hoteles!$D$7:$D$46,MATCH(C19,Hoteles!$B$7:$B$46,0)),"")) | K19: =IF(OR(H19="",J19=""),"",ROUND(Panel!$C$8*MIN($H$7:$H$46)/H19*10+(1-Panel!$C$8)*J19,2)) | L19: =IF(H19="","",RANK(H19,$H$7:$H$46,1)+COUNTIF($H$7:H19,H19)-1) | M19: =IF(K19="","",RANK(K19,$K$7:$K$46,0)+COUNTIF($K$7:K19,K19)-1) | N19: =IF(H19="","",IF(AND(L19=1,M19=1),"Barato y mejor",IF(L19=1,"Más barato",IF(M19=1,"Mejor equilibrio",""))))
E20: =IF(OR(B20="",C20=""),"",IFERROR(INDEX(Vuelos!$I$7:$I$46,MATCH(B20,Vuelos!$B$7:$B$46,0)),"")) | F20: =IF(OR(B20="",C20=""),"",IFERROR(INDEX(Hoteles!$I$7:$I$46,MATCH(C20,Hoteles!$B$7:$B$46,0)),"")) | G20: =IF(OR(B20="",C20=""),"",N(D20)*Panel!$C$5) | H20: =IF(OR(E20="",F20=""),"",E20+F20+G20) | I20: =IF(H20="","",IF(Panel!$C$5>0,H20/Panel!$C$5,H20)) | J20: =IF(H20="","",IFERROR(INDEX(Hoteles!$D$7:$D$46,MATCH(C20,Hoteles!$B$7:$B$46,0)),"")) | K20: =IF(OR(H20="",J20=""),"",ROUND(Panel!$C$8*MIN($H$7:$H$46)/H20*10+(1-Panel!$C$8)*J20,2)) | L20: =IF(H20="","",RANK(H20,$H$7:$H$46,1)+COUNTIF($H$7:H20,H20)-1) | M20: =IF(K20="","",RANK(K20,$K$7:$K$46,0)+COUNTIF($K$7:K20,K20)-1) | N20: =IF(H20="","",IF(AND(L20=1,M20=1),"Barato y mejor",IF(L20=1,"Más barato",IF(M20=1,"Mejor equilibrio",""))))
E21: =IF(OR(B21="",C21=""),"",IFERROR(INDEX(Vuelos!$I$7:$I$46,MATCH(B21,Vuelos!$B$7:$B$46,0)),"")) | F21: =IF(OR(B21="",C21=""),"",IFERROR(INDEX(Hoteles!$I$7:$I$46,MATCH(C21,Hoteles!$B$7:$B$46,0)),"")) | G21: =IF(OR(B21="",C21=""),"",N(D21)*Panel!$C$5) | H21: =IF(OR(E21="",F21=""),"",E21+F21+G21) | I21: =IF(H21="","",IF(Panel!$C$5>0,H21/Panel!$C$5,H21)) | J21: =IF(H21="","",IFERROR(INDEX(Hoteles!$D$7:$D$46,MATCH(C21,Hoteles!$B$7:$B$46,0)),"")) | K21: =IF(OR(H21="",J21=""),"",ROUND(Panel!$C$8*MIN($H$7:$H$46)/H21*10+(1-Panel!$C$8)*J21,2)) | L21: =IF(H21="","",RANK(H21,$H$7:$H$46,1)+COUNTIF($H$7:H21,H21)-1) | M21: =IF(K21="","",RANK(K21,$K$7:$K$46,0)+COUNTIF($K$7:K21,K21)-1) | N21: =IF(H21="","",IF(AND(L21=1,M21=1),"Barato y mejor",IF(L21=1,"Más barato",IF(M21=1,"Mejor equilibrio",""))))
E22: =IF(OR(B22="",C22=""),"",IFERROR(INDEX(Vuelos!$I$7:$I$46,MATCH(B22,Vuelos!$B$7:$B$46,0)),"")) | F22: =IF(OR(B22="",C22=""),"",IFERROR(INDEX(Hoteles!$I$7:$I$46,MATCH(C22,Hoteles!$B$7:$B$46,0)),"")) | G22: =IF(OR(B22="",C22=""),"",N(D22)*Panel!$C$5) | H22: =IF(OR(E22="",F22=""),"",E22+F22+G22) | I22: =IF(H22="","",IF(Panel!$C$5>0,H22/Panel!$C$5,H22)) | J22: =IF(H22="","",IFERROR(INDEX(Hoteles!$D$7:$D$46,MATCH(C22,Hoteles!$B$7:$B$46,0)),"")) | K22: =IF(OR(H22="",J22=""),"",ROUND(Panel!$C$8*MIN($H$7:$H$46)/H22*10+(1-Panel!$C$8)*J22,2)) | L22: =IF(H22="","",RANK(H22,$H$7:$H$46,1)+COUNTIF($H$7:H22,H22)-1) | M22: =IF(K22="","",RANK(K22,$K$7:$K$46,0)+COUNTIF($K$7:K22,K22)-1) | N22: =IF(H22="","",IF(AND(L22=1,M22=1),"Barato y mejor",IF(L22=1,"Más barato",IF(M22=1,"Mejor equilibrio",""))))
E23: =IF(OR(B23="",C23=""),"",IFERROR(INDEX(Vuelos!$I$7:$I$46,MATCH(B23,Vuelos!$B$7:$B$46,0)),"")) | F23: =IF(OR(B23="",C23=""),"",IFERROR(INDEX(Hoteles!$I$7:$I$46,MATCH(C23,Hoteles!$B$7:$B$46,0)),"")) | G23: =IF(OR(B23="",C23=""),"",N(D23)*Panel!$C$5) | H23: =IF(OR(E23="",F23=""),"",E23+F23+G23) | I23: =IF(H23="","",IF(Panel!$C$5>0,H23/Panel!$C$5,H23)) | J23: =IF(H23="","",IFERROR(INDEX(Hoteles!$D$7:$D$46,MATCH(C23,Hoteles!$B$7:$B$46,0)),"")) | K23: =IF(OR(H23="",J23=""),"",ROUND(Panel!$C$8*MIN($H$7:$H$46)/H23*10+(1-Panel!$C$8)*J23,2)) | L23: =IF(H23="","",RANK(H23,$H$7:$H$46,1)+COUNTIF($H$7:H23,H23)-1) | M23: =IF(K23="","",RANK(K23,$K$7:$K$46,0)+COUNTIF($K$7:K23,K23)-1) | N23: =IF(H23="","",IF(AND(L23=1,M23=1),"Barato y mejor",IF(L23=1,"Más barato",IF(M23=1,"Mejor equilibrio",""))))
E24: =IF(OR(B24="",C24=""),"",IFERROR(INDEX(Vuelos!$I$7:$I$46,MATCH(B24,Vuelos!$B$7:$B$46,0)),"")) | F24: =IF(OR(B24="",C24=""),"",IFERROR(INDEX(Hoteles!$I$7:$I$46,MATCH(C24,Hoteles!$B$7:$B$46,0)),"")) | G24: =IF(OR(B24="",C24=""),"",N(D24)*Panel!$C$5) | H24: =IF(OR(E24="",F24=""),"",E24+F24+G24) | I24: =IF(H24="","",IF(Panel!$C$5>0,H24/Panel!$C$5,H24)) | J24: =IF(H24="","",IFERROR(INDEX(Hoteles!$D$7:$D$46,MATCH(C24,Hoteles!$B$7:$B$46,0)),"")) | K24: =IF(OR(H24="",J24=""),"",ROUND(Panel!$C$8*MIN($H$7:$H$46)/H24*10+(1-Panel!$C$8)*J24,2)) | L24: =IF(H24="","",RANK(H24,$H$7:$H$46,1)+COUNTIF($H$7:H24,H24)-1) | M24: =IF(K24="","",RANK(K24,$K$7:$K$46,0)+COUNTIF($K$7:K24,K24)-1) | N24: =IF(H24="","",IF(AND(L24=1,M24=1),"Barato y mejor",IF(L24=1,"Más barato",IF(M24=1,"Mejor equilibrio",""))))
E25: =IF(OR(B25="",C25=""),"",IFERROR(INDEX(Vuelos!$I$7:$I$46,MATCH(B25,Vuelos!$B$7:$B$46,0)),"")) | F25: =IF(OR(B25="",C25=""),"",IFERROR(INDEX(Hoteles!$I$7:$I$46,MATCH(C25,Hoteles!$B$7:$B$46,0)),"")) | G25: =IF(OR(B25="",C25=""),"",N(D25)*Panel!$C$5) | H25: =IF(OR(E25="",F25=""),"",E25+F25+G25) | I25: =IF(H25="","",IF(Panel!$C$5>0,H25/Panel!$C$5,H25)) | J25: =IF(H25="","",IFERROR(INDEX(Hoteles!$D$7:$D$46,MATCH(C25,Hoteles!$B$7:$B$46,0)),"")) | K25: =IF(OR(H25="",J25=""),"",ROUND(Panel!$C$8*MIN($H$7:$H$46)/H25*10+(1-Panel!$C$8)*J25,2)) | L25: =IF(H25="","",RANK(H25,$H$7:$H$46,1)+COUNTIF($H$7:H25,H25)-1) | M25: =IF(K25="","",RANK(K25,$K$7:$K$46,0)+COUNTIF($K$7:K25,K25)-1) | N25: =IF(H25="","",IF(AND(L25=1,M25=1),"Barato y mejor",IF(L25=1,"Más barato",IF(M25=1,"Mejor equilibrio",""))))
E26: =IF(OR(B26="",C26=""),"",IFERROR(INDEX(Vuelos!$I$7:$I$46,MATCH(B26,Vuelos!$B$7:$B$46,0)),"")) | F26: =IF(OR(B26="",C26=""),"",IFERROR(INDEX(Hoteles!$I$7:$I$46,MATCH(C26,Hoteles!$B$7:$B$46,0)),"")) | G26: =IF(OR(B26="",C26=""),"",N(D26)*Panel!$C$5) | H26: =IF(OR(E26="",F26=""),"",E26+F26+G26) | I26: =IF(H26="","",IF(Panel!$C$5>0,H26/Panel!$C$5,H26)) | J26: =IF(H26="","",IFERROR(INDEX(Hoteles!$D$7:$D$46,MATCH(C26,Hoteles!$B$7:$B$46,0)),"")) | K26: =IF(OR(H26="",J26=""),"",ROUND(Panel!$C$8*MIN($H$7:$H$46)/H26*10+(1-Panel!$C$8)*J26,2)) | L26: =IF(H26="","",RANK(H26,$H$7:$H$46,1)+COUNTIF($H$7:H26,H26)-1) | M26: =IF(K26="","",RANK(K26,$K$7:$K$46,0)+COUNTIF($K$7:K26,K26)-1) | N26: =IF(H26="","",IF(AND(L26=1,M26=1),"Barato y mejor",IF(L26=1,"Más barato",IF(M26=1,"Mejor equilibrio",""))))
E27: =IF(OR(B27="",C27=""),"",IFERROR(INDEX(Vuelos!$I$7:$I$46,MATCH(B27,Vuelos!$B$7:$B$46,0)),"")) | F27: =IF(OR(B27="",C27=""),"",IFERROR(INDEX(Hoteles!$I$7:$I$46,MATCH(C27,Hoteles!$B$7:$B$46,0)),"")) | G27: =IF(OR(B27="",C27=""),"",N(D27)*Panel!$C$5) | H27: =IF(OR(E27="",F27=""),"",E27+F27+G27) | I27: =IF(H27="","",IF(Panel!$C$5>0,H27/Panel!$C$5,H27)) | J27: =IF(H27="","",IFERROR(INDEX(Hoteles!$D$7:$D$46,MATCH(C27,Hoteles!$B$7:$B$46,0)),"")) | K27: =IF(OR(H27="",J27=""),"",ROUND(Panel!$C$8*MIN($H$7:$H$46)/H27*10+(1-Panel!$C$8)*J27,2)) | L27: =IF(H27="","",RANK(H27,$H$7:$H$46,1)+COUNTIF($H$7:H27,H27)-1) | M27: =IF(K27="","",RANK(K27,$K$7:$K$46,0)+COUNTIF($K$7:K27,K27)-1) | N27: =IF(H27="","",IF(AND(L27=1,M27=1),"Barato y mejor",IF(L27=1,"Más barato",IF(M27=1,"Mejor equilibrio",""))))
E28: =IF(OR(B28="",C28=""),"",IFERROR(INDEX(Vuelos!$I$7:$I$46,MATCH(B28,Vuelos!$B$7:$B$46,0)),"")) | F28: =IF(OR(B28="",C28=""),"",IFERROR(INDEX(Hoteles!$I$7:$I$46,MATCH(C28,Hoteles!$B$7:$B$46,0)),"")) | G28: =IF(OR(B28="",C28=""),"",N(D28)*Panel!$C$5) | H28: =IF(OR(E28="",F28=""),"",E28+F28+G28) | I28: =IF(H28="","",IF(Panel!$C$5>0,H28/Panel!$C$5,H28)) | J28: =IF(H28="","",IFERROR(INDEX(Hoteles!$D$7:$D$46,MATCH(C28,Hoteles!$B$7:$B$46,0)),"")) | K28: =IF(OR(H28="",J28=""),"",ROUND(Panel!$C$8*MIN($H$7:$H$46)/H28*10+(1-Panel!$C$8)*J28,2)) | L28: =IF(H28="","",RANK(H28,$H$7:$H$46,1)+COUNTIF($H$7:H28,H28)-1) | M28: =IF(K28="","",RANK(K28,$K$7:$K$46,0)+COUNTIF($K$7:K28,K28)-1) | N28: =IF(H28="","",IF(AND(L28=1,M28=1),"Barato y mejor",IF(L28=1,"Más barato",IF(M28=1,"Mejor equilibrio",""))))
... E46: =IF(OR(B46="",C46=""),"",IFERROR(INDEX(Vuelos!$I$7:$I$46,MATCH(B46,Vuelos!$B$7:$B$46,0)),"")) | F46: =IF(OR(B46="",C46=""),"",IFERROR(INDEX(Hoteles!$I$7:$I$46,MATCH(C46,Hoteles!$B$7:$B$46,0)),"")) | G46: =IF(OR(B46="",C46=""),"",N(D46)*Panel!$C$5) | H46: =IF(OR(E46="",F46=""),"",E46+F46+G46) | I46: =IF(H46="","",IF(Panel!$C$5>0,H46/Panel!$C$5,H46)) | J46: =IF(H46="","",IFERROR(INDEX(Hoteles!$D$7:$D$46,MATCH(C46,Hoteles!$B$7:$B$46,0)),"")) | K46: =IF(OR(H46="",J46=""),"",ROUND(Panel!$C$8*MIN($H$7:$H$46)/H46*10+(1-Panel!$C$8)*J46,2)) | L46: =IF(H46="","",RANK(H46,$H$7:$H$46,1)+COUNTIF($H$7:H46,H46)-1) | M46: =IF(K46="","",RANK(K46,$K$7:$K$46,0)+COUNTIF($K$7:K46,K46)-1) | N46: =IF(H46="","",IF(AND(L46=1,M46=1),"Barato y mejor",IF(L46=1,"Más barato",IF(M46=1,"Mejor equilibrio",""))))
B47: TOTALES | E47: =SUM(E7:E46) | F47: =SUM(F7:F46) | G47: =SUM(G7:G46) | H47: =SUM(H7:H46)
B48: Si un nombre no coincide con las hojas Vuelos u Hoteles, la celda sale en rojo: elígelo del desplegable.

Sheet Instrucciones
B2: Comparador de vuelos y hoteles — Instrucciones
B3: Plantilla gratuita de Plantillas de Cálculo · plantillasdecalculo.com
B5: CÓMO USARLA
B6: 1. En «Panel» indica cuántos viajeros sois, las noches de estancia y las habitaciones (celdas crema, texto azul).
B7: 2. En el Panel fija también el peso del precio en la puntuación: 40 % significa que el precio pesa 40 % y la valoración del hotel 60 %.
B8: 3. En «Vuelos» anota cada opción con un nombre único (aerolínea + hora), el precio por persona, si lleva maleta de bodega y el suplemento si no.
B9: 4. En «Hoteles» anota cada alojamiento con precio por noche, valoración (0-10), distancia al centro, desayuno y tasas o extras.
B10: 5. En «Paquetes» elige en los desplegables un vuelo y un alojamiento por fila, y añade otros gastos por persona (traslados, seguro...).
B11: 6. Lee el resultado en «Paquetes» (total, por persona, rankings y etiqueta) y en «Panel» (KPIs, dos tops 5 y gráficos).
B12: 7. Para comparar otro destino o fechas, vacía las celdas crema y vuelve a rellenar; las fórmulas ya están preparadas para 40 filas.
B14: CONSEJOS
B15: • Si un vuelo o un hotel cambia de nombre, vuelve a elegirlo en el desplegable de «Paquetes» o aparecerá en rojo.
... B22: Aviso: precios, aerolíneas y alojamientos del archivo son ejemplos ficticios. Introduce los datos reales de las páginas de reserva y comprueba condiciones, tasas y disponibilidad antes de pagar. La plantilla compara y no es una oferta ni un servicio de reservas.
